 Dungeon Crawl Stone Soup version 0.31-a0-978-g1e143483b6 (webtiles) character file.

Game seed: 6430031831038519168

232 sammy202020 the Ruffian (level 5, 49/49 HPs)
             Began as a Troll Shapeshifter on Oct 30, 2023.
             Quit the game on level 5 of the Dungeon.
             The game lasted 00:03:59 (3038 turns).

sammy202020 the Ruffian (Troll Shapeshifter)        Turns: 3038, Time: 00:04:00

Health: 49/49      AC:  4    Str: 28    XL:     5   Next: 73%
Magic:  4/4        EV: 10    Int:  8    God:
Gold:   162        SH:  0    Dex:  9    Spells: 4/4 levels left

rFire   . .          .
                       - Unarmed
rCold   . . .        (no shield)
rNeg    . . .        a - +0 animal skin
rPois   .            (helmet currently unavailable)
rElec   .            (cloak currently unavailable)
rCorr   .            (gloves unavailable)
SInv    .            (boots unavailable)
Will    .....        (no amulet)
Stlth   +            r - +4 ring of slaying
HPRegen 1.08/turn    q - +6 ring of strength
MPRegen 0.09/turn

%: no passive effects
@: beast-form
A: beast (slay +1), large, unfitting armour, claws 3, regeneration 1, shaggy fur
1, tough skin 1
a: Begin Untransformation


You were on level 5 of the Dungeon.
You were a hulking beast.
You visited 1 branch of the dungeon, and saw 5 of its levels.

You collected 162 gold pieces.

Inventory:

Hand Weapons
 v - a +1 whip of freezing
Missiles
 m - 6 poisoned darts
 u - a throwing net
Armour
 a - a +0 animal skin (worn)
Jewellery
 p - a ring of ice
 q - a +6 ring of strength (right claw)
 r - a +4 ring of slaying (left claw)
Talismans
 c - a beast talisman (active)
 d - a flux talisman
Wands
 n - a wand of paralysis (1)
 t - a wand of polymorph (5)
Potions
 b - 3 potions of lignification
 e - 2 potions of attraction {unknown}
 f - 6 potions of curing {unknown}
 g - a potion of degeneration {unknown}
 h - a potion of invisibility {unknown}
 i - 2 potions of resistance {unknown}
 j - a potion of haste {unknown}
 k - a potion of mutation {unknown}
 l - 5 potions of heal wounds {unknown}
 o - a potion of enlightenment {unknown}


   Skills:
 * Level 2.1 Fighting
 * Level 2.0 Armour
 * Level 2.7 Dodging
 * Level 4.0 Unarmed Combat
 + Level 3.4 Shapeshifting


You had 4 spell levels left.
You didn't know any spells.
Your spell library contained the following spells:

 Spells                   Type           Power      Damage    Failure   Level
 Blink                    Tloc           0%         N/A       54%         2
 Lesser Beckoning         Tloc           0%         N/A       54%         2
 Momentum Strike          Conj/Tloc      0%         3d8       54%         2
 Ignite Poison            Fire/Tmut/Pois 0%         N/A       78%         3
 Sticky Flame             Conj/Fire      0%         2d3       99%         4
 Ignition                 Fire           0%         3d3       100%        8


Dungeon Overview and Level Annotations

Branches:
Dungeon (5/15)
 Temple: D:4-7

Altars:
Cheibriados
Hepliaklqana
Wu Jian


Innate Abilities, Weirdness & Mutations

You are a hulking beast.
Your limbs bulge with bestial killing power. (Slay +1)
You are too large for most types of armour.
You have claws for hands.
Your natural rate of healing is unusually fast.
You are covered in fur. (AC +1)
You have tough skin. (AC +1)


Message History

You now have 162 gold pieces (gained 12).
There is a stone staircase leading up here.
A worm comes into view.
Found a stone staircase leading up.
A worm is nearby!
A worm is nearby!
You claw the worm! You claw the worm.
You kill the worm!
No target in view!
No target in view!
No target in view!
No target in view!
No target in view!
You see here a worm corpse.
Found 5 stones.
You see here 5 stones.
A quokka comes into view.
Found a helmet and a viscous dark potion.
You see here a +0 helmet.
You scratch the quokka.
You kill the quokka!
No target in view!
No target in view!
No target in view!
No target in view!
No target in view!
No target in view!
No target in view!
No target in view!
No target in view!
No target in view!
No target in view!
No target in view!
No target in view!
o - a viscous dark potion
Found 4 stones.
i - 2 metallic red potions (gained 1)
An orc comes into view. It is wielding a +0 flail.
Unknown command.
Are you sure you want to abandon this character and quit the game? (Confirm with "yes".)

..............##...
..............######
##......###.##
#.#....# #.# #
#....# #.# #.#....#
#.. ###......#####
(.........#
##.....##h# .......
#.# ....... ...
........#.#.
...........!.
....... #.# ..
..###.. ##. .o# #. #
..


You could see an orc.

Vanquished Creatures
  A hound (D:5)
  2 jellies (D:4)
  3 gnolls (D:4)
  4 adders
  2 worms
  4 dart slugs
  6 orcs
  2 endoplasms
  A giant cockroach (D:2)
  8 hobgoblins
  4 jackals (D:4)
  5 quokkas
  3 ball pythons
  3 bats
  6 kobolds
  4 rats (D:1)
58 creatures vanquished.

Notes
Turn   | Place    | Note
-------+----------+-------------------------------------------
     0 | D:1      | sammy202020 the Troll Shapeshifter began the quest for the
                  | Orb.
     0 | D:1      | Reached XP level 1. HP: 18/18 MP: 0/0
   216 | D:1      | Reached skill level 1 in Fighting
   280 | D:1      | Reached XP level 2. HP: 27/27 MP: 1/1
  1254 | D:2      | Reached XP level 3. HP: 33/33 MP: 2/2
  1611 | D:2      | Reached skill level 1 in Armour
  2080 | D:3      | Found a hazy altar of Hepliaklqana.
  2449 | D:4      | Reached XP level 4. HP: 41/41 MP: 3/3
  2527 | D:4      | Found an ornate altar of the Wu Jian Council.
  2527 | D:4      | Found a snail-covered altar of Cheibriados.
  2869 | D:4      | Reached XP level 5. HP: 49/49 MP: 4/4
  2967 | D:5      | Entered Level 5 of the Dungeon
  2976 | D:5      | Reached skill level 4 in Unarmed Combat
  3038 | D:5      | Quit the game

Illustrated notes

Levels and vault maps discovered:
D:1:      psy_arrival_terrarium, layout_loops_ring, serial_forest,
          infiniplex_forest_lined_ring, infiniplex_forest_lined_corner,
          infiniplex_forest_clump_diagonal, infiniplex_forest_end_1,
          infiniplex_forest_straight_2, infiniplex_forest_clump_tiny,
          infiniplex_forest_zigzag_1, infiniplex_forest_end_3,
          minmay_misc_feat_cross, patterned_corridor
D:2:      layout_loops_corners
D:3:      cheibrodos_helix_gallery, layout_basic, lemuel_coloured_pillars_altar
D:4:      layout_rooms, jmf_multi_god_temple
D:5:      cheibrodos_fertilizer, layout_loops_cross,
          mainiacjoe_overflow_catwalk, grunt_gozag_statues,
          overflow_temple_1_default, temple_fountains,
          hangedman_abyss_or_decor_slice, grunt_decor_arrowhead

Skill      XL: |  1  2  3  4  5 |
---------------+----------------+-----
Fighting       | 1 2 |  2.1
Dodging        | 2 |  2.7
Armour         | 1 2 |  2.0
Unarmed Combat | 4 |  4.0
Shapeshifting  | |  3.4

Action                     |  1- 3 |  4- 6 || total
---------------------------+-------+-------++-------
  Melee: Unarmed           |    64 |    41 ||   105
         Punch             |     1 |     1 ||     2
    Use: Scroll            |     3 |     2 ||     5
   Stab: Sleeping          |     2 |       ||     2
 Armour: Animal skin       |    23 |    17 ||    40
  Dodge: Dodged            |    43 |    23 ||    66
   Form: Beast             |     1 |       ||     1

Table legend: (Time is in decaauts)
 A = Elapsed time spent in this place.
 B = Non-inter-level travel time spent in this place.
 C = Inter-level travel time spent in this place.
 D = Time resting spent in this place.
 E = Time spent auto-exploring this place.
 F = Levels seen in this place.
 G = Mean time per level.
                   A        B        C        D        E       F      G
               +--------+--------+--------+--------+--------+-----+--------+
         Total |   3029 |   2944 |     85 |    103 |   2387 |   5 |  605.8 |
       Dungeon |   3029 |   2944 |     85 |    103 |   2387 |   5 |  605.8 |
               +--------+--------+--------+--------+--------+-----+--------+

Top non-repeatable levels by time:
     D:2: 901 daAuts
     D:1: 867 daAuts
     D:3: 645 daAuts
     D:4: 544 daAuts
     D:5: 70 daAuts
